Map: Ever Dream LE

Players

meeK - Winner!

  • Race: Protoss Protoss
  • League: Diamond
  • Spawn Location: 7:00

Darkfaire

  • Race: Zerg Zerg
  • League: Diamond
  • Spawn Location: 1:00

VOD

Have the link to the VOD?

Description

Time

  • Played on: April 27, 2020, 11:01 p.m.
  • Length: 4:34
Show
View Real Time Build Order
Export as new Build Order

meeK Protoss - Winner!

Build Orders:  

Get SALT Encoding   

  12  0:01  Probe  
  13  0:13  Probe  
  14  0:25  Probe  
  15  0:32  Pylon  
  15  0:51  Gateway  
  15  0:52  Gateway  
  15  0:58  Gateway  
  15  1:08  Gateway  
  15  1:13  Probe  
  16  1:20  Pylon  
  16  1:26  Probe  
  17  1:37  Zealot x2 (Chrono Boost)  
  23  1:49  Zealot (Chrono Boost)  
  23  2:00  Pylon  
  25  2:03  Zealot (Chrono Boost)  
  27  2:08  Zealot (Chrono Boost)  
  27  2:10  Zealot (Chrono Boost)  
  31  2:18  Zealot (Chrono Boost)  
  29  2:49  Zealot x4  
  33  3:06  Pylon  
  33  3:14  Zealot (Chrono Boost)  
  39  3:23  Zealot x3 (Chrono Boost)  
  39  3:25  Forge  
  39  3:31  Pylon  
  38  3:36  Zealot  
  40  3:46  Zealot  
  38  3:48  Zealot  
  36  3:55  Zealot  
  38  4:03  Zealot  
Show
View Real Time Build Order
Export as new Build Order

Darkfaire Zerg 

Build Orders: Hatch First 

Get SALT Encoding   

  12  0:01  Drone  
  13  0:13  Overlord  
  13  0:20  Drone  
  14  0:31  Drone x2  
  16  0:51  Hatchery  
  15  1:03  Drone  
  16  1:12  Spawning Pool  
  16  1:17  Drone  
  16  1:24  Drone  
  17  1:27  Drone  
  18  1:37  Unknown  
  17  1:45  Drone x2  
  19  2:00  Roach Warren  
  18  2:10  Queen  
  18  2:13  Zergling x2  
  18  2:14  Zergling x2  
  22  2:46  Roach  
  24  2:52  Roach  
  23  3:23  Roach x2  
  25  3:32  Roach  
  13  3:51  Roach  
Tags
 
Add a new tag
Caveats
  • Supply blocks, unpowered buildings, or Contaminate may cause inaccurate times.
  • Supply counts are checked every 10 seconds.